 Dungeon Crawl Stone Soup version 0.28-a0-1212-gc6b4282bc0 (webtiles) character file.

Game seed: 10526115741376702039

129 ChaosChampion the Ruffian (level 4, 0/35 HPs)
             Began as a Draconian Transmuter on Dec 21, 2021.
             Slain by a giant cockroach (1 damage)
             ... in a sewer.
             The game lasted 00:02:58 (2610 turns).

ChaosChampion the Ruffian (Draconian Transmuter)    Turns: 2610, Time: 00:02:58

Health: 0/35       AC:  5    Str: 13    XL:     4   Next: 88%
Magic:  6/7        EV: 12    Int: 15    God:
Gold:   73         SH:  0    Dex: 11    Spells: 1/7 levels left

rFire   . . .      SeeInvis .     - Unarmed
rCold   . . .      Faith    .   (no shield)
rNeg    . . .      Spirit   .   (armour unavailable)
rPois   .          Reflect  .   (helmet restricted)
rElec   .          Harm     .   (no cloak)
rCorr   .          Rampage  .   (no gloves)
Will    .....                   (no boots)
Stlth   +.........              (no amulet)
HPRegen 0.11/turn               (no ring)
MPRegen 0.10/turn               (no ring)

@: no status effects
A: AC +5, unfitting armour, cold-blooded
a: no special abilities


You were in a sewer.
You visited 1 branch of the dungeon, and saw 3 of its levels.
You also visited: Sewer.

You collected 73 gold pieces.

Inventory:

Scrolls
 c - a scroll of blinking {unknown}
 e - a scroll of identify {unknown}
 f - a scroll of teleportation {unknown}
 g - a scroll of fog {unknown}
 i - a scroll of enchant weapon {unknown}
 j - a scroll of magic mapping {unknown}
Potions
 a - 2 potions of cancellation
 b - a potion of ambrosia {unknown}
 d - a potion of brilliance {unknown}
 h - a potion of resistance {unknown}


   Skills:
 + Level 1.6 Fighting
 + Level 2.1 Dodging
 * Level 4.2 Unarmed Combat
 + Level 2.3 Spellcasting
 + Level 2.8 Transmutations
 * Level 1.6 Poison Magic


You had one spell level left.
You knew the following spells:

 Your Spells              Type           Power      Damage    Failure   Level
a - Beastly Appendage     Tmut           20%        N/A       7%          1
b - Wereblood             Tmut           10%        N/A       10%         2
c - Spider Form           Tmut/Pois      8%         N/A       26%         3

Your spell library contained the following spells:

 Spells                   Type           Power      Damage    Failure   Level
 Ice Form                 Ice/Tmut       6%         N/A       75%         4


Dungeon Overview and Level Annotations

Branches:
Dungeon (3/15)              Sewer (1/1)

Altars:
Uskayaw

Shops:
D:1 [


Innate Abilities, Weirdness & Mutations

Your plain brown scales are hard. (AC +5)
You cannot fit into any form of body armour.
You are cold-blooded and may be slowed by cold attacks.


Message History

The kobold brigand hits you with a +0 club.
The giant cockroach barely misses you.
You hit the giant cockroach.
You feel a bit better.
You kill the giant cockroach!
You closely miss the kobold brigand.
The kobold brigand is moderately wounded.
The kobold brigand barely misses you.
You closely miss the kobold brigand.
The kobold brigand is moderately wounded.
Your primal bloodlust is almost over.
You barely miss the ball python. Your kick misses the ball python.
Your headbutt misses the ball python.
You howl as the wereblood boils in your veins!
The kobold brigand completely misses you.
The ball python bites you. The ball python misses you.
You hit the ball python. You claw the ball python.
You feel a bit better.
You kill the ball python!
Your horns disappear.
Your talons disappear.
The kobold throws a stone.
The stone closely misses you.
The kobold brigand hits you with a +0 club.
You closely miss the kobold brigand.
The kobold brigand is moderately wounded.
The giant cockroach closely misses you.
The kobold brigand hits you with a +0 club.
You barely miss the giant cockroach. The giant cockroach barely misses you.
The kobold brigand hits you with a +0 club.
* * * LOW HITPOINT WARNING * * *
The giant cockroach bites you.
* * * LOW HITPOINT WARNING * * *
You hit the giant cockroach.
The giant cockroach is almost dead.
The giant cockroach barely misses you.
The kobold brigand hits you with a +0 club.
* * * LOW HITPOINT WARNING * * *
It was a potion of cancellation.
Your magical effects are unravelling.
You feel magically purged.
Your primal bloodlust has ended.
The giant cockroach bites you.
You die...

##≈############
#≈).).≈≈≈≈≈≈≈≈≈≈≈≈
#≈≈.#.≈≈≈≈≈≈≈≈≈≈≈≈
#≈≈.#.≈≈≈≈≈≈≈≈≈≈≈≈
#≈≈.#.≈≈≈≈≈≈≈≈≈≈≈≈ #++
#≈≈.#..≈≈≈≈≈≈≈≈≈≈≈ ....
#≈≈.#....≈≈≈≈≈≈≈≈≈ ..§.S
##.####.#≈###≈≈#≈#
§.....#@).#≈≈...........
.._.§KBK..≈≈≈≈..........
§.....#...#≈≈...........
..§..###.####.###≈##≈##≈
..... #≈≈.#....≈≈≈≈≈≈≈≈≈
#+++ #≈..#..≈≈≈≈≈≈≈≈≈≈≈
≈..#..≈≈≈≈≈≈≈≈≈≈≈
#≈..#.≈≈≈≈≈≈≈≈≈≈≈≈
≈.#..≈≈≈≈≈≈≈≈≈≈≈


You could see a kobold brigand, a giant cockroach and a kobold.

Vanquished Creatures
  3 gnolls
  An adder (D:3)
  5 ufetubi (Sewer)
  9 ball pythons
  5 endoplasms
  3 giant cockroaches
  5 goblins
  6 hobgoblins
  3 jackals (D:2)
  A quokka (D:2)
  A bat (D:1)
  3 frilled lizards (D:1)
  14 kobolds
  7 rats
66 creatures vanquished.

Notes
Turn   | Place    | Note
-------+----------+-------------------------------------------
     0 | D:1      | ChaosChampion the Draconian Transmuter began the quest for
                  | the Orb.
     0 | D:1      | Reached XP level 1. HP: 16/16 MP: 3/3
   175 | D:1      | Reached XP level 2. HP: 18/23 MP: 5/5
   305 | D:1      | Found Ydum's Armour Shoppe.
   718 | D:1      | Reached XP level 3. HP: 23/28 MP: 4/6
   721 | D:1      | Learned a level 2 spell: Wereblood
   725 | D:1      | Learned a level 3 spell: Spider Form
   868 | D:2      | Reached skill level 4 in Unarmed Combat
  1540 | D:2      | Reached skill level 1 in Poison Magic
  1553 | D:2      | Reached XP level 4. HP: 30/35 MP: 7/7
  1745 | D:2      | Found a hide-covered altar of Uskayaw.
  1935 | D:3      | Found a glowing drain.
  1969 | Sewer    | Entered a sewer
  2586 | Sewer    | Found a burning altar of Makhleb.
  2586 | Sewer    | Noticed a kobold brigand
  2609 | Sewer    | HP: 1/35 [kobold brigand (6)]
  2610 | Sewer    | Slain by a giant cockroach

Illustrated notes

Levels and vault maps discovered:
D:1:      amcnicky_arrival_flooded_fountain, layout_rooms, serial_shops,
          nicolae_shop_statue_plus, grunt_decor_junction, item_on_display_a
D:2:      layout_basic, basic_altar, minmay_split_cup_small
D:3:      layout_loops_ring, nicolae_tso_carved_into_rock,
          dreamdust_ecumenical_altar_angels_and_demons, gup_sewer_entry_glass
Sewer:    kennysheep_sewer_church

Skill      XL: |  1  2  3  4 |
---------------+-------------+-----
Unarmed Combat | 4 |  4.2
Poison Magic   | 1 |  1.6
Dodging        | 2 |  2.1
Fighting       | |  1.6
Spellcasting   | |  2.3
Transmutations | |  2.8

Action                   |  1- 3 |  4- 6 || total
-------------------------+-------+-------++-------
Melee: Unarmed           |   119 |    90 ||   209
       Tailslap          |     8 |     3 ||    11
       Kick              |     8 |    10 ||    18
       Headbutt          |     3 |     5 ||     8
       Punch             |       |     2 ||     2
 Cast: Beastly Appendage |    13 |     8 ||    21
       Wereblood         |     6 |     7 ||    13
  Use: Potion            |       |     1 ||     1
 Stab: Sleeping          |     1 |       ||     1
Armor: Skin              |    37 |    41 ||    78
Dodge: Dodged            |    63 |   100 ||   163

Table legend: (Time is in decaauts)
 A = Elapsed time spent in this place.
 B = Non-inter-level travel time spent in this place.
 C = Inter-level travel time spent in this place.
 D = Time resting spent in this place.
 E = Time spent auto-exploring this place.
 F = Levels seen in this place.
 G = Mean time per level.
                   A        B        C        D        E       F      G
               +--------+--------+--------+--------+--------+-----+--------+
         Total |   2605 |   2558 |     47 |    355 |   1714 |   4 |  651.2 |
       Dungeon |   1965 |   1918 |     47 |    355 |   1198 |   3 |  655.0 |
         Sewer |    639 |    639 |      0 |      0 |    516 |   1 |  639.0 |
               +--------+--------+--------+--------+--------+-----+--------+

Top non-repeatable levels by time:
     D:1: 1162 daAuts
     D:2: 763 daAuts
   Sewer: 639 daAuts
     D:3: 38 daAuts
